 Dungeon Crawl Stone Soup version 0.21-a0-221-gfe971b9 (webtiles) character file.

46130 Ijustatesigmund the Cleaver (level 14, -3/109 HPs)
             Began as a Minotaur Fighter on Aug 24, 2017.
             Was the Champion of Cheibriados.
             Killed from afar by a green death (17 damage)
             ... with a poison arrow
             ... summoned by a lich
             ... on level 2 of the Abyss.
             The game lasted 00:42:02 (14325 turns).

Ijustatesigmund the Cleaver (Minotaur Fighter)     Turns: 14325, Time: 00:42:03

Health: -3/109     AC: 21    Str: 37      XL:     14   Next: 3%
Magic:  14/19      EV: 20    Int: 18      God:    Cheibriados [******]
Gold:   987        SH: 15    Dex: 28 (29) Spells: 10/13 levels left

rFire    + + +     SeeInvis .   a - +2 war axe
rCold    . . .     Gourm    .   c - +0 shield
rNeg     . . .     Faith    .   B - +4 ring mail {rF+}
rPois    +         Spirit   .   (helmet restricted)
rElec    .         Reflect  .   M - +2 cloak {rPois}
rCorr    .         Harm     .   (no gloves)
MR       +....                  N - +2 pair of boots of the Assassin {Detection Stab+ Stlth++}
Stlth    ++++++....             (no amulet)
HPRegen  0.28/turn              y - ring of protection from fire
MPRegen  0.16/turn              o - ring of protection from fire

@: lethally poisoned (-3 -> -12), about to teleport, very slow
A: retaliatory headbutt, hooves 2, horns 2, slimy green scales 1, yellow scales
1, blurry vision 2, deterioration 1, dopey 1, frail 1
a: Bend Time, Temporal Distortion, Slouch, Step From Time, Renounce Religion


You were on level 2 of the Abyss.
You worshipped Cheibriados.
Cheibriados was exalted by your worship.
You were hungry.

You visited 3 branches of the dungeon, and saw 17 of its levels.
You visited the Abyss 2 times.
You also visited: Volcano.

You collected 987 gold pieces.

Inventory:

Hand Weapons
 a - a +2 war axe (weapon)
 l - a +4 morningstar
Missiles
 p - 2 throwing nets
 H - 7 silver javelins (quivered)
Armour
 c - a +0 shield (worn)
 r - a +0 cloak
 B - a +4 ring mail of fire resistance (worn)
 M - a +2 cloak of poison resistance (worn)
 N - the +2 pair of boots of the Assassin (worn) {Detection Stab+ Stlth++}
   (You found it in a volcano)

   It makes you much more stealthy.
Jewellery
 o - a ring of protection from fire (right hand)
 v - an uncursed ring of positive energy {unknown}
 y - a ring of protection from fire (left hand)
 z - an uncursed ring of resist corrosion
 L - an uncursed ring of poison resistance {unknown}
 O - an uncursed amulet of magic regeneration
Wands
 u - a wand of acid (6/15)
 x - a wand of lightning (1/15)
 D - a wand of confusion (23/48)
 E - a wand of flame (21/48)
 J - a wand of polymorph (15/24)
 K - a wand of iceblast (5/15)
Scrolls
 m - 7 scrolls of teleportation
 s - 6 scrolls of identify
 t - 4 scrolls of fear
 A - a scroll of fog
 C - 4 scrolls of amnesia
 F - a scroll of recharging
 I - 4 scrolls of remove curse
 P - 2 scrolls of enchant armour
Potions
 b - 3 potions of brilliance
 d - 2 potions of might
 e - 3 potions of resistance
 g - a potion of agility
 j - 5 potions of flight
 k - 10 potions of curing
 q - 2 potions of heal wounds
 w - 3 potions of lignification
Comestibles
 f - 7 bread rations
 h - 11 royal jellies
 i - 7 meat rations
 n - 26 fruits


   Skills:
 + Level 10.4 Fighting
 + Level 10.8 Axes
 + Level 9.4 Armour
 + Level 9.0 Dodging
 - Level 9.3 Stealth
 - Level 10.0 Shields
 - Level 8.7 Translocations
 + Level 8.4 Invocations


You had 10 spell levels left.
You knew the following spells:

 Your Spells              Type           Power        Failure   Level  Hunger
a - Magic Dart            Conj           #...         47%         1    ##.....
b - Blink                 Tloc           N/A          2%          2    ###....


Dungeon Overview and Level Annotations

Branches:
Dungeon (15/15)            Temple (1/1) D:6            Lair (1/6) D:11
    Orc (0/2) D:12         Vaults (0/5) D:13
 Depths: D:15

Altars:
Ashenzari
Cheibriados
Dithmenos
Elyvilon
Fedhas
Gozag
Hepliaklqana
Kikubaaqudgha
Makhleb
Nemelex Xobeh
Okawaru
Qazlal
Ru
Sif Muna
Trog
Uskayaw
Vehumet
Wu Jian
Xom
Yredelemnul
Zin
The Shining One
Beogh
Lugonu

Shops:
D:12 *   D:13 (


Innate Abilities, Weirdness & Mutations

You reflexively headbutt those who attack you in melee.
You have a pair of horns on your head.
You have hoof-like feet.
You are partially covered in slimy green scales. (AC +2)
You are partially covered in yellow scales. (AC +2)
Scrolls take you longer to read.
Your body sometimes deteriorates upon taking damage.
You are dopey. (Int -2)
You are frail. (-10% HP)


Message History

You kill the wind drake!
Cheibriados thoroughly appreciates the change of pace.
Your Dodging skill increases to level 9!
The bolt of acid hits the stone giant zombie.
The stone giant zombie is splashed with acid.
The acid corrodes the stone giant zombie!
You destroy the stone giant zombie!
Cheibriados appreciates the change of pace.
This wand has 6 charges left.
The green death gestures at you. The blast of poison engulfs you!
You are poisoned.
You resist.
* * * LOW HITPOINT WARNING * * *
You feel sick. The green death gestures at you. The poison arrow hits you!
You are more poisoned.
You partially resist.
You die...

.# ## #1.......
..# #.##....
... .#.#
##{.§.....%.
....#
#.#.#...#...
...##.#..#....
.#
#.L##2#..###.##
## ##21§.....#
..
#.§#§§#.#...##
#
#§@§#.###..####
#....§§####.
.....# #..#..#.
..#.##### ...
#.# ..#.{ # ##
.# ..##. #. .#
#.. . ## .##.
##


You could see a Brimstone Fiend, a lich, a green death and a shadow demon.

Vanquished Creatures
  A cacodemon (Abyss:2)
  2 vault guards (D:13)
  3 hydras
  A centaur warrior (D:14)
  A dancing weapon (Volcano)
  A death knight (D:15)
  The ghost of anything the Blocker, a journeyman OpAs of Gozag (D:10)
  5 two-headed ogres
  Urug (D:11)
  A wretched star (Abyss:2)
  A skeletal warrior (D:13)
  2 sixfirhies (Abyss:2)
  An unseen horror (Abyss:2)
  5 wizards
  Pikel (D:6)
  A deep elf mage (D:13)
  A necromancer (D:13)
  An oklob plant (D:11)
  2 cyclopes (D:14)
  5 toenail golems (Volcano)
  2 manticores
  A stone giant zombie (Abyss:2)
  2 centaur zombies
  2 smoke demons (Abyss:2)
  Psyche (D:8)
  A spiny frog (Lair:1)
  A gargoyle (D:12)
  2 komodo dragons
  A yaktaur (D:13)
  The ghost of p0werm0de the Skirmisher, an amateur DgWn (D:7)
  2 trolls
  A wind drake (shapeshifter) (Abyss:2)
  The ghost of p0werm0de the Grave Robber, an amateur DgWn (D:4)
  Prince Ribbit (D:8)
  5 hippogriffs
  2 dream sheep (D:12)
  6 slime creatures (D:12)
  A meliai zombie (D:12)
  A ynoxinul (Abyss:2)
  5 water elementals
  2 wyverns
  7 yaks
  3 large abominations (Abyss:2)
  2 basilisks
  3 wraiths
  20 humans (D:13)
  2 hungry ghosts
  Edmund (D:6)
  Grum (D:11)
  2 chaos spawn (Abyss:2)
  A steam dragon (D:8)
  8 vampire mosquitoes
  A soldier ant (D:12)
  Menkaure (D:5)
  3 small abominations (Abyss:2)
  3 water moccasins
  2 acid dragons
  A two-headed ogre zombie (D:12)
  2 porcupines (Lair:1)
  9 orc warriors
  4 sky beasts
  2 black bears (D:9)
  6 ice beasts
  3 eyes of draining
  A necrophage (D:7)
  3 phantoms
  5 centaurs
  4 wolves (D:11)
  8 ogres
  3 big kobolds (D:12)
  A crocodile (Lair:1)
  6 bullfrogs
  5 scorpions
  13 killer bees
  A troll zombie (D:12)
  5 wights (D:7)
  8 electric eels
  3 howler monkeys (D:8)
  11 crimson imps
  4 hounds
  4 jellies
  A bullfrog zombie (D:8)
  2 bullfrog skeletons
  A gnoll shaman (D:8)
  10 orc wizards
  4 centaur skeletons
  15 orc priests
  3 iguanas
  Ijyb (D:5)
  6 worker ants
  6 ogre zombies (D:12)
  A hound skeleton (D:5)
  A worker ant zombie (D:8)
  9 adders
  10 gnolls
  5 shadow imps
  A white imp (Abyss:2)
  3 oozes
  3 adder skeletons
  9 worms
  4 leopard geckos
  38 orcs
  3 ball pythons
  4 giant cockroaches
  7 goblins
  17 hobgoblins
  16 jackals
  9 kobolds
  7 quokkas
  8 bats
  5 frilled lizards
  3 goblin skeletons (D:12)
  A goblin zombie (D:12)
  A hobgoblin skeleton (D:12)
  2 hobgoblin zombies (D:12)
  A jackal zombie (D:7)
  18 orc zombies (D:12)
  11 rats
  3 fungi (D:3)
  12 plants
511 creatures vanquished.

Vanquished Creatures (others)
  The ghost of Syneil the Grappler, a journeyman TrMo of Cheibriados (Volcano)
  A wizard (Volcano)
  2 slaves (D:6)
  A centaur (D:6)
  A crimson imp (D:14)
  A jelly (D:6)
  A hound skeleton (D:6)
  An adder (D:6)
  A shadow imp (D:6)
  A quokka (D:6)
  A lurking horror (Abyss:2)
12 creatures vanquished.

Grand Total: 523 creatures vanquished

Notes
Turn   | Place    | Note
-------+----------+-------------------------------------------
     0 | D:1      | Ijustatesigmund the Minotaur Fighter began the quest for the Orb.
     0 | D:1      | Reached XP level 1. HP: 19/19 MP: 0/0
    80 | D:1      | Reached XP level 2. HP: 27/27 MP: 1/1
   291 | D:1      | Reached XP level 3. HP: 33/33 MP: 2/2
   690 | D:2      | Reached XP level 4. HP: 33/41 MP: 3/3
  1108 | D:2      | Reached skill level 5 in Axes
  1669 | D:3      | Reached skill level 5 in Fighting
  1669 | D:3      | Reached XP level 5. HP: 33/48 MP: 4/4
  1680 | D:3      | Found a shimmering altar of Xom.
  1681 | D:3      | Found a blossoming altar of Fedhas.
  1820 | D:3      | Found an opulent altar of Gozag.
  1968 | D:3      | Found a sacrificial altar of Ru.
  1968 | D:3      | Found a deep blue altar of Sif Muna.
  2452 | D:4      | Found a glowing silver altar of Zin.
  2456 | D:4      | Reached XP level 6. HP: 49/56 MP: 5/5
  2563 | D:4      | Found an ancient bone altar of Kikubaaqudgha.
  2760 | D:4      | Found an iron altar of Okawaru.
  2837 | D:4      | Noticed p0werm0de's ghost (amateur DgWn)
  2843 | D:4      | Killed p0werm0de's ghost
  2843 | D:4      | Reached skill level 5 in Armour
  3235 | D:5      | Entered Level 5 of the Dungeon
  3264 | D:5      | Reached XP level 7. HP: 64/64 MP: 6/6
  3270 | D:5      | Noticed a moth of wrath
  3273 | D:5      | Found a bloodstained altar of Trog.
  3380 | D:5      | Noticed Menkaure
  3388 | D:5      | Killed Menkaure
  3420 | D:5      | Found a shattered altar of Ashenzari.
  3780 | D:5      | Noticed Ijyb
  3784 | D:5      | Killed Ijyb
  3784 | D:5      | Reached XP level 8. HP: 48/73 MP: 7/7
  3788 | D:5      | Reached skill level 1 in Dodging
  4361 | D:6      | Noticed Pikel
  4378 | D:6      | Killed Pikel
  4378 | D:6      | Reached skill level 5 in Shields
  4463 | D:6      | Noticed Edmund
  4486 | D:6      | Killed Edmund
  4810 | D:6      | Reached XP level 9. HP: 62/81 MP: 8/8
  5031 | D:6      | Found a staircase to the Ecumenical Temple.
  5036 | Temple   | Entered the Ecumenical Temple
  5129 | Temple   | Became a worshipper of Cheibriados the Contemplative
  5185 | D:6      | Reached skill level 1 in Invocations
  5754 | D:7      | Reached skill level 5 in Dodging
  6008 | D:7      | Identified a scroll of acquirement
  6011 | D:7      | Got a pair of dazzling boots
  6022 | D:7      | Identified the +2 pair of boots of Resourcefulness {*Contam Dex+6} (You acquired it on level 7 of the Dungeon)
  6024 | D:7      | Noticed p0werm0de's ghost (amateur DgWn)
  6033 | D:7      | Killed p0werm0de's ghost
  6053 | D:7      | Gained mutation: Your body sometimes deteriorates upon taking damage. [potion of mutation]
  6053 | D:7      | Gained mutation: You are partially covered in slimy green scales. (AC +2) [potion of mutation]
  6053 | D:7      | Gained mutation: Scrolls take you a little longer to read. [potion of mutation]
  6053 | D:7      | Gained mutation: You have large cloven feet. [potion of mutation]
  6192 | D:7      | Reached * piety under Cheibriados
  6327 | D:8      | Noticed Prince Ribbit
  6337 | D:8      | Killed Prince Ribbit
  6372 | D:8      | Reached XP level 10. HP: 72/88 MP: 12/12
  6469 | D:8      | Reached ** piety under Cheibriados
  6680 | D:8      | Noticed a two-headed ogre
  6693 | D:8      | Killed a two-headed ogre
  6693 | D:8      | Reached skill level 5 in Invocations
  6877 | D:8      | Noticed Psyche
  6885 | D:8      | Killed Psyche
  7478 | D:9      | Found a radiant altar of Vehumet.
  7605 | D:9      | Reached *** piety under Cheibriados
  7659 | D:9      | You fall through a shaft!
  7659 | D:10     | Entered Level 10 of the Dungeon
  7850 | D:10     | Noticed anything's ghost (journeyman OpAs)
  7860 | D:10     | Killed anything's ghost
  7860 | D:10     | Reached skill level 10 in Shields
  8071 | D:9      | Reached XP level 11. HP: 83/95 MP: 11/15
  8073 | D:9      | Reached **** piety under Cheibriados
  8227 | D:9      | Found a roughly hewn altar of Beogh.
  9105 | D:11     | Found a deep blue altar of Sif Muna.
  9122 | D:11     | Found a staircase to the Lair.
  9122 | D:11     | Noticed an oklob plant
  9199 | D:11     | Reached ***** piety under Cheibriados
  9230 | D:11     | Noticed Urug
  9241 | D:11     | Noticed Grum
  9245 | D:11     | Killed Urug
  9257 | D:11     | Killed Grum
  9458 | D:11     | Learned a level 1 spell: Magic Dart
  9461 | D:11     | Learned a level 2 spell: Blink
  9611 | D:11     | Reached skill level 1 in Translocations
  9762 | D:11     | Noticed a six-headed hydra
  9767 | D:11     | Killed a six-headed hydra
  9822 | D:11     | Killed an oklob plant
  9934 | Lair:1   | Entered Level 1 of the Lair of Beasts
 10020 | Lair:1   | Found a dark tunnel.
 10061 | Volcano  | Entered a volcano
 10063 | Volcano  | Noticed a wizard
 10083 | Volcano  | Cast into level 2 of the Abyss (a wizard)
 10134 | Abyss:2  | Noticed a sixfirhy
 10135 | Abyss:2  | Noticed a cacodemon
 10136 | Abyss:2  | Noticed a sixfirhy
 10139 | Abyss:2  | Killed a sixfirhy
 10139 | Abyss:2  | Reached skill level 5 in Translocations
 10149 | Abyss:2  | Gained mutation: You are partially covered in yellow scales. (AC +2) [a cacodemon]
 10150 | Abyss:2  | Gained mutation: You are frail. (-10% HP) [a cacodemon]
 10152 | Abyss:2  | Gained mutation: You have hoof-like feet. [a cacodemon]
 10155 | Abyss:2  | Killed a cacodemon
 10155 | Abyss:2  | Reached XP level 12. HP: 81/93 MP: 16/16
 10585 | Volcano  | Escaped the Abyss
 10822 | Volcano  | Killed Syneil's ghost
 10894 | Volcano  | Found the +2 pair of boots of the Assassin {Detection Stab+ Stlth++}
 10941 | Volcano  | Gained mutation: You are dopey. (Int -2) [mutagenic glow]
 11229 | D:12     | Found a staircase to the Orcish Mines.
 11262 | D:12     | Reached ****** piety under Cheibriados
 11271 | D:12     | Reached skill level 10 in Axes
 11698 | D:12     | Noticed a three-headed hydra
 11702 | D:12     | Killed a three-headed hydra
 11779 | D:12     | Lost mutation: You are frail. (-10% HP) [mutagenic meat]
 11781 | D:12     | Gained mutation: You are frail. (-10% HP) [mutagenic meat]
 11782 | D:12     | Gained mutation: Scrolls take you longer to read. [mutagenic meat]
 11818 | D:12     | Reached skill level 10 in Fighting
 11926 | D:12     | Found Emihaim's Assorted Antiques.
 11926 | D:12     | Noticed a four-headed hydra
 11932 | D:12     | Killed a four-headed hydra
 11932 | D:12     | Reached skill level 1 in Stealth
 11932 | D:12     | Reached XP level 13. HP: 78/101 MP: 18/18
 12290 | D:13     | Reached skill level 5 in Stealth
 12523 | D:13     | Found Ropt's Antique Weapon Shoppe.
 12799 | D:13     | Found a gate to the Vaults.
 13378 | D:15     | Entered Level 15 of the Dungeon
 14142 | D:15     | Reached XP level 14. HP: 66/108 MP: 19/19
 14143 | D:15     | Cast into level 2 of the Abyss (a wizard)
 14307 | Abyss:2  | Noticed a lich
 14313 | Abyss:2  | Noticed an Executioner
 14314 | Abyss:2  | Noticed a Brimstone Fiend
 14325 | Abyss:2  | Killed from afar by a green death

Vault maps used:
D:1:      zaba_arrival_water
D:2:      minmay_three_crescents
D:3:      nicolae_gozag_cash_rules_everything_around_me, fedhas_altar_3,
          xom_teletrap_fun, gammafunk_temple_overflow_wave, first_bread
D:4:      lemuel_crystal_altar, zin_scriptorium, kiku_gazebo_garden_becter,
          minmay_misc_feat_four_crosses
D:5:      tgw_trog, marbit_many_paths, corexii_shack, uniq_ijyb, uniq_menkaure
D:6:      wad_lake_hut, uniq_edmund, uniq_pikel
D:8:      uniq_prince_ribbit1, uniq_psyche
D:9:      vehumet_crystals, david_defended_altar_orc
D:11:     dpeg_oklobed_lair, lemuel_altar_in_water2, uniq_urug, uniq_grum
D:12:     zombieorc2_lemuel, hangedman_ranch, kennysheep_windowed_goal
D:13:     grunt_vaults_entry_tiered, serial_shops, shop, lab_entry_generic
D:15:     grunt_enter_depths_magical_seal, hangedman_decor_push, uniq_kirke,
          uniq_josephine
Temple:   kb_corrupted_temple
Lair:1:   nicolae_volcano_entry_two_sided, infiniplex_staircase_pool
Volcano:  volcano_bunker

Skill      XL: |  1  2  3  4  5  6  7  8  9 10 11 12 13 14 |
---------------+-------------------------------------------+-----
Fighting       | 4 5 6 7 8 9 10 | 10.4
Axes           | 3 4 5 6 7 8 9 10 | 10.8
Armour         | 4 5 6 7 8 9 |  9.4
Shields        | 5 8 10 | 10.0
Dodging        | 3 6 8 9 |  9.0
Invocations    | 4 6 7 8 |  8.4
Translocations | 5 8 |  8.7
Stealth        | 1 9 |  9.3

Action                   |  1- 3 |  4- 6 |  7- 9 | 10-12 | 13-15 || total
-------------------------+-------+-------+-------+-------+-------++-------
Melee: War axe           |    83 |   158 |   288 |   576 |   252 ||  1357
       Headbutt          |     9 |    26 |    62 |   223 |    81 ||   401
       Morningstar       |       |       |       |     9 |       ||     9
Throw: Javelin           |       |       |       |     3 |       ||     3
 Cast: Blink             |       |       |       |       |     2 ||     2
Invok: Bend Time         |       |       |       |     3 |       ||     3
       Slouch            |       |       |       |       |     3 ||     3
Evoke: Wand              |       |       |     3 |     6 |     1 ||    10
  Use: Scroll            |     5 |     9 |     6 |     9 |     3 ||    32
       Potion            |       |     2 |     1 |       |     3 ||     6
 Stab: Sleeping          |       |       |       |    10 |     9 ||    19
       Distracted        |       |       |       |       |     2 ||     2
  Eat: Chunk             |       |     6 |     9 |    13 |     4 ||    32
       Royal jelly       |       |     1 |       |     1 |       ||     2
       Fruit             |       |       |     2 |     3 |       ||     5
Armor: Scale mail        |    40 |    17 |       |       |       ||    57
       Chain mail        |       |    45 |    51 |       |       ||    96
       Ring mail         |       |       |    43 |   105 |    64 ||   212
Dodge: Dodged            |    23 |    28 |    98 |   305 |   167 ||   621
Block: Shield            |    45 |    77 |   137 |   402 |   237 ||   898

Table legend:
 A = Spawn XP
 B = Non-spawn XP
 C = Spawn XP percentage of total XP
 D = Spawn monster count
 E = Non-spawn monster count
 F = Spawn count percentage of total count
 G = Total turns spent on level
                    A         B        C        D         E        F      G
               +---------+---------+-------+---------+---------+-------+---------
         Total |   14456 |   51445 |  21.9 |      65 |     431 |  13.1 | 14325
               +---------+---------+-------+---------+---------+-------+---------
           D:1 |       6 |      73 |   7.6 |       3 |      23 |  11.5 |   650
           D:2 |       4 |      86 |   4.4 |       3 |      30 |   9.1 |   849
           D:3 |       1 |     156 |   0.6 |       1 |      24 |   4.0 |   885
           D:4 |       0 |     370 |   0.0 |       0 |      12 |   0.0 |   851
           D:5 |      52 |     937 |   5.3 |       2 |      27 |   6.9 |  1108
           D:6 |      88 |    1470 |   5.6 |       1 |      13 |   7.1 |  1175
           D:7 |       0 |    1431 |   0.0 |       0 |      23 |   0.0 |   716
           D:8 |     299 |    3659 |   7.6 |       8 |      42 |  16.0 |  1131
           D:9 |     135 |    1530 |   8.1 |       2 |      26 |   7.1 |   808
          D:10 |     595 |    1786 |  25.0 |       3 |      22 |  12.0 |   665
          D:11 |    1954 |    4216 |  31.7 |       7 |      22 |  24.1 |  1087
          D:12 |     132 |    8397 |   1.5 |       2 |      72 |   2.7 |  1037
          D:13 |    1469 |   14210 |   9.4 |      11 |      48 |  18.6 |  1009
          D:14 |    1205 |    4623 |  20.7 |       3 |      24 |  11.1 |   750
          D:15 |       0 |    1490 |   0.0 |       0 |       5 |   0.0 |   142
        Lair:1 |       0 |    1619 |   0.0 |       0 |       8 |   0.0 |   241
       Abyss:2 |    8516 |       0 | 100.0 |      19 |       0 | 100.0 |   684
       Volcano |       0 |    5392 |   0.0 |       0 |      10 |   0.0 |   424
               +---------+---------+-------+---------+---------+-------+---------
